 Dungeon Crawl Stone Soup version 0.30-a0-50-gb2d611f6b1 (webtiles) character file.

Game seed: 9598806716970748355

399 timneilson the Shield-Bearer (level 6, -5/38 HPs)
             Began as a Gargoyle Fighter on Sept 3, 2022.
             Was an Initiate of Okawaru.
             Slain by an ice beast (11 damage)
             ... on level 5 of the Dungeon.
             The game lasted 00:05:11 (4554 turns).

timneilson the Shield-Bearer (Gargoyle Fighter)     Turns: 4554, Time: 00:05:11

Health: -5/38      AC: 11    Str: 21    XL:     6   Next: 84%
Magic:  6/6        EV:  9    Int:  9    God:    Okawaru [......]
Gold:   120        SH:  4    Dex:  9    Spells: 5/5 levels left

rFire   . . .      SeeInvis .    a - +0 long sword (vorpal)
rCold   . . .      Faith    .    c - +0 buckler
rNeg    + . .      Spirit   .    b - +0 scale mail
rPois   ∞          Reflect  .    (no helmet)
rElec   +          Harm     .    (no cloak)
rCorr   .          Rampage  .    (no gloves)
Will    .....                    (no boots)
Stlth   ..........               (no amulet)
HPRegen 0.12/turn                v - ring of flight
MPRegen 0.10/turn                (no ring)

@: flying
A: sickness immunity, AC +4, negative energy resistance 1, electricity
resistance, torment resistance 1, petrification resistance
a: Renounce Religion


You were on level 5 of the Dungeon.
You worshipped Okawaru.
Okawaru was noncommittal.
You visited 2 branches of the dungeon, and saw 6 of its levels.

You collected 120 gold pieces.

Inventory:

Hand Weapons
 a - a +0 vorpal long sword (weapon)
Missiles
 r - 2 throwing nets (quivered)
Armour
 b - a +0 scale mail (worn)
 c - a +0 buckler (worn)
 l - a +0 plate armour
Jewellery
 v - a ring of flight (left hand)
Scrolls
 e - 2 scrolls of poison
 i - a scroll of teleportation
 k - a scroll of butterflies
 p - 2 scrolls of magic mapping
 q - a scroll of fear
 t - a scroll of identify
Potions
 d - 2 potions of might
 f - a potion of cancellation
 g - 2 potions of curing
 h - a potion of resistance {unknown}
 j - a potion of haste {unknown}
 m - a potion of invisibility {unknown}
 n - a potion of brilliance {unknown}
 o - 2 potions of flight {unknown}
 s - a potion of lignification {unknown}
 u - a potion of degeneration {unknown}


   Skills:
 + Level 4.0 Fighting
 * Level 3.4 Long Blades
 * Level 4.9 Armour
 + Level 1.5 Dodging
 * Level 5.0 Shields
 + Level 0.7 Invocations


You had 5 spell levels left.
You didn't know any spells.
Your spell library contained the following spells:

 Spells                   Type           Power      Damage    Failure   Level
 Shock                    Conj/Air       0%         1d3       80%         1
 Slow                     Hex            0%         N/A       80%         1
 Static Discharge         Conj/Air       0%         3-3/arc   90%         2
 Confusing Touch          Hex            0%         N/A       99%         3
 Inner Flame              Hex/Fire       0%         N/A       99%         3
 Swiftness                Air            0%         N/A       99%         3
 Vampiric Draining        Necr           0%         2d6       99%         3
 Airstrike                Air            0%         2d(0-16)  100%        4
 Cause Fear               Hex            0%         N/A       100%        4
 Lightning Bolt           Conj/Air       0%         1d11      100%        5
 Discord                  Hex            0%         N/A       100%        8
 Maxwell's Capacitive Co  Air            0%         ∞         100%        8


Dungeon Overview and Level Annotations

Branches:
Dungeon (5/15)             Temple (1/1) D:4

Altars:
Dithmenos
Fedhas
Gozag
Kikubaaqudgha
Makhleb
Okawaru
Ru
Trog
Xom
Lugonu

Shops:
D:2 !   D:4 :


Innate Abilities, Weirdness & Mutations

You are immune to sickness and miasma.
Your stone body is resilient. (AC +4)
You are immune to poison.
You resist negative energy. (rN+)
You are resistant to electric shocks. (rElec)
You are resistant to unholy torment.
You are immune to petrification.


Message History

An ice beast comes into view.
Found a mace.
The ice beast hits you. The ice beast freezes you!
You hit the ice beast but do no damage. The ice beast closely misses you.
You hit the ice beast but do no damage. The ice beast barely misses you.
The ice beast hits you. The ice beast freezes you!
You hit the ice beast.
The ice beast is lightly wounded.
The ice beast hits you but does no damage.
You closely miss the ice beast.
The ice beast is lightly wounded.
The ice beast hits you. The ice beast freezes you!
* * * LOW HITPOINT WARNING * * *
You hit the ice beast.
The ice beast is moderately wounded.
The ice beast barely misses you.
You hit the ice beast but do no damage.
The ice beast is moderately wounded.
The ice beast hits you but does no damage.
You block the ice beast's attack.
You hit the ice beast but do no damage.
The ice beast is moderately wounded.
The ice beast hits you but does no damage.
You closely miss the ice beast.
The ice beast is lightly wounded.
The ice beast barely misses you.
You hit the ice beast.
The ice beast is moderately wounded.
The ice beast barely misses you. The ice beast closely misses you.
You hit the ice beast.
The ice beast is moderately wounded.
The ice beast hits you but does no damage.
You hit the ice beast.
The ice beast is heavily wounded.
The ice beast hits you but does no damage.
You closely miss the ice beast.
The ice beast is heavily wounded.
The ice beast hits you.
* * * LOW HITPOINT WARNING * * *
The ice beast freezes you!
You die...

..........##..........
##.....#####.#.#.#.#.
#####.# #.##...# #
........###.## .# .
#.......###.###.#.#
#.###.#............
#.# #.#.###...<...#
#.# #... #..######
#@.# #.Y...# )......#
#.##.....# # #.....#
#...... ##..#### #..#


You could see an ice beast.

Vanquished Creatures
  Menkaure (D:5)
  A phantom (D:4)
  An orc priest (D:4)
  5 adders
  3 gnolls
  2 ufetubi
  A worm (D:2)
  14 orcs
  7 endoplasms
  2 giant cockroaches
  2 goblins (D:3)
  4 hobgoblins
  9 jackals
  8 kobolds
  5 quokkas
  A ball python (D:4)
  5 bats
  2 frilled lizards (D:3)
  2 rats
75 creatures vanquished.

Notes
Turn   | Place    | Note
-------+----------+-------------------------------------------
     0 | D:1      | timneilson the Gargoyle Fighter began the quest for the
                  | Orb.
     0 | D:1      | Reached XP level 1. HP: 14/14 MP: 1/1
    22 | D:1      | Found a faded altar of an unknown god.
   321 | D:1      | Reached XP level 2. HP: 19/19 MP: 2/2
  1074 | D:2      | Reached XP level 3. HP: 23/23 MP: 3/3
  1238 | D:2      | Found Mohuroan's Distillery.
  1891 | D:3      | Reached skill level 4 in Shields
  1891 | D:3      | Reached XP level 4. HP: 11/28 MP: 4/4
  3114 | D:4      | Reached skill level 1 in Dodging
  3114 | D:4      | Reached XP level 5. HP: 24/33 MP: 5/5
  3246 | D:4      | Noticed a phantom
  3256 | D:4      | Killed a phantom
  3319 | D:4      | Found Syngoqiupu's Self-Improvement Boutique.
  3377 | D:4      | Reached XP level 6. HP: 38/38 MP: 6/6
  3766 | D:4      | Found a staircase to the Ecumenical Temple.
  3784 | Temple   | Entered the Ecumenical Temple
  3798 | Temple   | Became a worshipper of Warmaster Okawaru
  3994 | D:5      | Entered Level 5 of the Dungeon
  4255 | D:5      | Noticed Menkaure
  4267 | D:5      | Killed Menkaure
  4268 | D:5      | Reached skill level 5 in Shields
  4539 | D:5      | Noticed an ice beast
  4554 | D:5      | Slain by an ice beast

Illustrated notes

Levels and vault maps discovered:
D:1:      lightli_arrival_lavapool, layout_basic,
          shapermc_ecumenical_altar_starsandcircs,
          ebering_dispersal_statue_hall, minivault_24
D:2:      layout_basic, serial_shops, nicolae_shop_advertising_works
          [nicolae_subvault_shop_adworks]
D:3:      layout_basic
D:4:      layout_cave_pools, minmay_temple_entry_statues_fountains, hex_medium,
          nicolae_shop_self_help
D:5:      minmay_spotlight, layout_loops_ring, gammafunk_ghost_stat_death,
          uniq_menkaure
Temple:   corrupted_temple

Skill      XL: |  1  2  3  4  5  6 |
---------------+-------------------+-----
Long Blades    | 2 3 |  3.4
Shields        | 4 5 |  5.0
Armour         | 4 |  4.9
Dodging        | 1 |  1.5
Fighting       | 4 |  4.0
Invocations    | |  0.7

Action                   |  1- 3 |  4- 6 || total
-------------------------+-------+-------++-------
Melee: Long sword        |   138 |   189 ||   327
  Use: Scroll            |     5 |     4 ||     9
Armor: Scale mail        |    95 |   120 ||   215
Dodge: Dodged            |    78 |    93 ||   171
Block: Buckler           |    39 |    45 ||    84

Table legend: (Time is in decaauts)
 A = Elapsed time spent in this place.
 B = Non-inter-level travel time spent in this place.
 C = Inter-level travel time spent in this place.
 D = Time resting spent in this place.
 E = Time spent auto-exploring this place.
 F = Levels seen in this place.
 G = Mean time per level.
                   A        B        C        D        E       F      G
               +--------+--------+--------+--------+--------+-----+--------+
         Total |   4660 |   4593 |     67 |    247 |   3538 |   6 |  776.7 |
       Dungeon |   4615 |   4560 |     55 |    247 |   3518 |   5 |  923.0 |
        Temple |     44 |     32 |     12 |      0 |     20 |   1 |   44.0 |
               +--------+--------+--------+--------+--------+-----+--------+

Top non-repeatable levels by time:
     D:3: 1575 daAuts
     D:1: 944 daAuts
     D:4: 762 daAuts
     D:2: 762 daAuts
     D:5: 570 daAuts
  Temple: 44 daAuts
